 Dungeon Sprint DCSS version 0.30-a0-964-gd452b5e7fa (webtiles) character file.

Game seed: 370514670945541909

151 sircluck the Stinger (level 5, -8/40 HPs)
             Began as a Draconian Venom Mage on Mar 30, 2023.
             Hit by a boomerang thrown by a merfolk (16 damage)
             ... led by a merfolk javelineer
             ... in the Dungeon (Sprint VII: "The Pits").
             The game lasted 00:04:02 (410 turns).

sircluck the Stinger (Draconian Venom Mage)          Turns: 410, Time: 00:04:03

Health: -8/40      AC:  5    Str: 12    XL:     5   Next: 10%
Magic:  10/11      EV: 13    Int: 15    God:
Gold:   0          SH:  0    Dex: 12    Spells: 12/13 levels left

rFire   . . .      SeeInvis .    v - +2 quarterstaff (speed)
rCold   . . .      Faith    .    (shield currently unavailable)
rNeg    . . .      Spirit   .    (body armour unavailable)
rPois   .          Reflect  .    (helmet restricted)
rElec   .          Rampage  .    (no cloak)
rCorr   .          NoTele   +    (no gloves)
Will    .....                    (no boots)
Stlth   ++                       (no amulet)
HPRegen 0.26/turn                (no ring)
MPRegen 0.12/turn                (no ring)

@: no status effects
A: AC +5, unfitting armour, cold-blooded
a: no special abilities


You were in the Dungeon.
You visited 1 branch

Inventory:

Hand Weapons
 l - a +2 hand axe
 m - a +2 mace
 n - a +2 quarterstaff
 o - a +2 trident
 p - a +2 dagger
 q - a +2 falchion
 r - a +2 heavy trident
 s - a +2 long sword of flaming
 v - a +2 quarterstaff of speed (weapon)
 w - a +1 heavy hand axe
 x - a +1 heavy flail
 y - a +0 dagger of draining
Missiles
 h - 10 stones
Armour
 t - a +3 chain mail
 u - a +3 chain mail
Scrolls
 f - a scroll of blinking
 i - 5 scrolls of amnesia
 j - a scroll of butterflies
 k - 2 scrolls of vulnerability
Potions
 a - 5 potions of magic
 b - 6 potions of curing
 c - 3 potions of heal wounds
 d - a potion of haste
 e - 3 potions of berserk rage
 g - 2 potions of invisibility


   Skills:
 + Level 1.6 Fighting
 + Level 1.6(1.9) Polearms
 + Level 1.1(1.6) Staves
 + Level 3.9 Dodging
 + Level 3.5 Stealth
 + Level 4.5 Spellcasting
 + Level 2.7 Transmutations
 + Level 7.1 Poison Magic


You had 12 spell levels left.
You knew the following spells:

 Your Spells              Type           Power      Damage    Failure   Level
a - Sting                 Tmut/Pois      72%        1d6       2%          1

Your spell library contained the following spells:

 Spells                   Type           Power      Damage    Failure   Level
 Poisonous Vapours        Pois/Air       28%        N/A       6%          2
 Olgreb's Toxic Radiance  Pois           24%        N/A       9%          4
 Mephitic Cloud           Conj/Pois/Air  10%        N/A       19%         3


Dungeon Overview and Level Annotations

Branches:
Dungeon (1/1)

Altars:
Ashenzari
Cheibriados
Dithmenos
Elyvilon
Fedhas
Gozag
Hepliaklqana
Kikubaaqudgha
Makhleb
Nemelex Xobeh
Okawaru
Qazlal
Ru
Sif Muna
Trog
Uskayaw
Vehumet
Wu Jian
Xom
Yredelemnul
Zin
The Shining One
Jiyva
Lugonu


Innate Abilities, Weirdness & Mutations

Your plain brown scales are hard. (AC +5)
You cannot fit into any form of body armour.
You are cold-blooded and may be slowed by cold attacks.


Message History

You are too injured to fight recklessly!
You are too injured to fight recklessly!
You are too injured to fight recklessly!
You are too injured to fight recklessly!
You are too injured to fight recklessly!
You are too injured to fight recklessly!
You are too injured to fight recklessly!
The gnoll shouts!
You hit the gnoll but do no damage.
The gnoll is almost dead.
The gnoll hits you with a +0 flail!
* * * LOW HITPOINT WARNING * * *
You hit the gnoll.
You kill the gnoll!
Your Staves skill increases to level 1!
There is an open door, spattered with blood here.
There is an open door to the Storerooms (Easy) here.
You open the huge gate. 2 merfolk come into view.
There is a huge open gate leading to the Armoury (Hard) here.
A merfolk javelineer comes into view.
It is wielding a +0 spear of distortion.
There is a huge open gate here.
There is a huge open gate leading to the Armoury (Hard) here.
The merfolk shouts!
The gnoll misses you.
You close the huge gate.
The gnoll hits you with a +0 club.
You hit the gnoll.
The gnoll is heavily wounded.
The gnoll hits you with a +0 club!
* * * LOW HITPOINT WARNING * * *
You barely miss the gnoll.
Your tail-slap misses the gnoll.
The gnoll is heavily wounded.
A merfolk opens the huge gate.
A merfolk comes into view. It is wielding a +0 trident.
The merfolk javelineer shouts!
The merfolk shouts! x2
You hit the gnoll.
The gnoll is severely wounded.
The gnoll closely misses you.
The merfolk throws a boomerang.
The boomerang hits you!
You die...

##########++###### ###
#................# ..#
#......#..#......##..#
#................''..#
'..............g@''mm#
#......#..#......##......m
#................# ...mm..
####'#####++###### #######
#.......# #.......#
#.......# #...<...#
#.......#


You could see a merfolk javelineer, 3 merfolk and a gnoll.

Vanquished Creatures
  A gnoll sergeant (D)
  A jelly (D)
  3 adders (D)
  A gnoll (D)
  2 ufetubi (D)
  A worm (D)
  An orc (D)
  2 giant cockroaches (D)
  2 rats (D)
14 creatures vanquished.

Notes
Turn   | Place    | Note
-------+----------+-------------------------------------------
     0 | D        | sircluck the Draconian Venom Mage began the quest for the
                  | Orb.
     0 | D        | Reached XP level 1. HP: 14/14 MP: 3/3
    12 | D        | Reached skill level 4 in Poison Magic
    12 | D        | Reached XP level 2. HP: 20/20 MP: 1/5
    58 | D        | Found a bloodstained altar of Trog.
    58 | D        | Found a shimmering blue altar of Sif Muna.
    58 | D        | Found a viscous altar of Jiyva.
    58 | D        | Found a hazy altar of Hepliaklqana.
    58 | D        | Found an opulent altar of Gozag.
    59 | D        | Found a glowing golden altar of the Shining One.
    59 | D        | Found a glowing silver altar of Zin.
    59 | D        | Found a basalt altar of Yredelemnul.
    59 | D        | Found a shimmering altar of Xom.
    59 | D        | Found an ornate altar of the Wu Jian Council.
    59 | D        | Found a sacrificial altar of Ru.
    59 | D        | Found a stormy altar of Qazlal.
    59 | D        | Found an iron altar of Okawaru.
    59 | D        | Found a sparkling altar of Nemelex Xobeh.
    59 | D        | Found a burning altar of Makhleb.
    59 | D        | Found a blossoming altar of Fedhas.
    59 | D        | Found a white marble altar of Elyvilon.
    59 | D        | Found a shadowy altar of Dithmenos.
    59 | D        | Found a snail-covered altar of Cheibriados.
    61 | D        | Found a radiant altar of Vehumet.
    61 | D        | Found a corrupted altar of Lugonu.
    62 | D        | Found a hide-covered altar of Uskayaw.
    62 | D        | Found an ancient bone altar of Kikubaaqudgha.
    62 | D        | Found a broken altar of Ashenzari.
   105 | D        | Reached skill level 5 in Poison Magic
   105 | D        | Reached XP level 3. HP: 11/26 MP: 5/7
   201 | D        | Reached skill level 6 in Poison Magic
   201 | D        | Reached XP level 4. HP: 9/34 MP: 3/9
   335 | D        | Reached skill level 1 in Polearms
   338 | D        | Noticed a gnoll sergeant
   364 | D        | Killed a gnoll sergeant
   365 | D        | Reached skill level 1 in Fighting
   365 | D        | Reached skill level 7 in Poison Magic
   365 | D        | Reached XP level 5. HP: 32/40 MP: 5/11
   374 | D        | Reached skill level 1 in Staves
   402 | D        | Noticed a merfolk
   402 | D        | Noticed a merfolk
   404 | D        | Noticed a merfolk javelineer
   409 | D        | Noticed a merfolk
   410 | D        | Hit by a boomerang thrown by a merfolk

Illustrated notes

Levels and vault maps discovered:
D:        pitsprint [storerooms_1, entrance_room_1, metal_vault_8, armoury_2,
          mini_pit_1, grid_room_1, main_hall_1, silver_pit, the_coven_1,
          the_vestibule_1, steel_vault_4, golden_pit, hallway_of_sentries,
          crystal_vault_2, iron_vault_3, final_vault]

Skill      XL: |  1  2  3  4  5 |
---------------+----------------+-----
Dodging        | 2 3 |  3.9
Stealth        | 2 3 |  3.5
Poison Magic   | 4 5 6 7 |  7.1
Spellcasting   | 3 4 |  4.5
Polearms       | 1 |  1.6
Fighting       | 1 |  1.6
Transmutations | 2 |  2.7
Staves         | 1 |  1.1

Action                     |  1- 3 |  4- 6 || total
---------------------------+-------+-------++-------
  Melee: Unarmed           |     1 |       ||     1
         Trident           |    17 |       ||    17
         Quarterstaff      |       |    21 ||    21
         Tailslap          |       |     2 ||     2
   Cast: Sting             |     7 |     7 ||    14
    Use: Potion            |       |     3 ||     3
   Stab: Sleeping          |     2 |       ||     2
 Armour: Skin              |     7 |     4 ||    11
  Dodge: Dodged            |     9 |     6 ||    15

Table legend: (Time is in decaauts)
 A = Elapsed time spent in this place.
 B = Non-inter-level travel time spent in this place.
 C = Inter-level travel time spent in this place.
 D = Time resting spent in this place.
 E = Time spent auto-exploring this place.
 F = Levels seen in this place.
 G = Mean time per level.
                   A        B        C        D        E       F      G
               +--------+--------+--------+--------+--------+-----+--------+
         Total |    410 |    378 |     32 |    113 |     15 |   1 |  410.0 |
       Dungeon |    410 |    378 |     32 |    113 |     15 |   1 |  410.0 |
               +--------+--------+--------+--------+--------+-----+--------+

Top non-repeatable levels by time:
       D: 410 daAuts
